Zazza, neutral female human Tourist -------------- |............| ---------- |............| |........| #.............| |.........#####-.--+--------- #-........| # ##### ------ ###-------+-- ### # --------- |....| # # # ### |.>.....|########### |....+#### ################ # |.....@.| ------.---- |....| -.---.------ |.....f.| |.........| |.....## |..........| #......b.+####..........| |....| # |.....<....| ###--------- |.........| |....|#######################...........| # # # ----------- ------ |...........####### # |..........| ------------ Zazza the Rambler Experience level: 1 Strength: 12 Dexterity: 7 Constitution: 15 Intelligence: 11 Wisdom: 17 Charisma: 18 Health: 10(10) Energy: 2(2) Def: 0 Gold: 1530 Moves: 1473 Dungeon seed: T1srujeAIYul1S05 Game ID: Zazza_1619691785 Your Inventory: Coins $ - 1530 gold pieces Weapons a - 22 +2 darts (in quiver) Armor e - an uncursed +0 Hawaiian shirt (being worn) Comestibles d - 2 uncursed fortune cookies f - 6 uncursed food rations h - 3 uncursed eggs i - an uncursed tripe ration z - an uncursed pancake A - an uncursed partly eaten lichen corpse Scrolls k - 3 uncursed scrolls of magic mapping n - an uncursed scroll of earth q - 2 uncursed scrolls of confuse monster w - an uncursed scroll of light Potions j - 2 uncursed potions of extra healing r - an uncursed potion of sickness u - a cursed potion of monster detection Wands o - a wand of death (0:6) s - a wand of polymorph (0:6) v - a wand of digging (0:5) Tools l - an expensive camera (0:77) m - an uncursed credit card Gems y - a cursed loadstone Spells and supernatural/magical abilities: Name Level Category Fail Memory W - pray for help -- divine ? -- Your skills at the end: Fighting Skills Weapon Skills dart [Basic] Spellcasting Skills Final Attributes: You were nominally aligned. You were lucky. You survived. Vanquished creatures: 8 jackals a goblin 2 sewer rats 7 grid bugs 5 lichens 2 kobold zombies 25 creatures vanquished. Voluntary challenges: You were an atheist. You never hit with a wielded weapon. You read items or engraved 3 times, starting on turn 225. You never genocided any monsters. You never polymorphed an object. You never changed form. You used no wishes. You never split a pudding. You wrote Elbereth's name 1 time, starting on turn 226. You never violated your personal moral code. Dungeon overview: The Dungeons of Doom: levels 1 to 4 Level 1 a fountain a long staircase Level 2 a general store stairs to The Gnomish Mines Level 3 a fountain Level 4 <- You were here The Gnomish Mines: Level 3 stairs to The Dungeons of Doom History has recorded: On T:1 you entered the Dungeons of Doom to retrieve the Amulet of Yendor! On T:379 you reached level 2 of The Dungeons of Doom. On T:482 you reached level 3 of The Dungeons of Doom. On T:818 you reached level 1 of The Gnomish Mines. On T:1440 you reached level 4 of The Dungeons of Doom. Score breakdown: Gold: 695 ( 9669 points) Experience: 1 level ( 0 points) Exploration: 4 levels ( 8.51%) ( 7661 points) Discoveries: 2 items ( 0.67%) ( 2457 points) Valuables value: (no points given unless you survive) Artifact value: 0 ( 0 points) Variety of kills: 6 monsters ( 1.57%) ( 3764 points) Turncount: 1473 turns ( 0 points) Survival: quit (score multiplied by 90%) Total score: 21195 Latest messages: You displace Armand. You feel tough! You must be leading a healthy life-style. You displace Armand. You can't go down here. As you read the scroll, it disappears. A map coalesces in your mind! You displace Armand. The acid blob oozes under the door. You displace Armand. You see here a large box. Hmmm, it seems to be locked. You succeed in picking the lock. You carefully open the large box... f - 2 uncursed food rations. q - a scroll labeled YUM YUM. You have a little trouble removing y - a gray stone. Your movements are slowed slightly because of your load. Final status: Aloha Zazza the Tourist, quit... You quit in The Dungeons of Doom on dungeon level 4 with 21195 points, and 1530 pieces of gold, after 1473 moves. You were level 1 with a maximum of 10 hit points when you quit.